[Event "Team 45 45 League T27"]
[Site "Internet Chess Club"]
[Date "2005.06.19"]
[Round "1"]
[White "megamaster"]
[Black "syy89"]
[Result "1-0"]
[WhiteElo "2231"]
[BlackElo "2074"]
[TimeControl "2700+45"]

1. e4 c5 2. Nf3 Nc6 3. d4 cxd4 4. Nxd4 Nf6 5. Nc3 e5 6. Ndb5 d6 7. Nd5 Nxd5 8.
exd5 Ne7 9. Nc3 Ng6 10. Bd3 Be7 11. O-O O-O 12. Re1 f5 13. Qh5 e4 14. Bb5 Ne5
15. Bf4 Bf6 16. h3 a6 17. Bf1 g6 18. Qe2 Kh8 19. Rab1 Rg8 20. Qd2 g5 21. Be3 f4
22. Bd4 g4 23. Nxe4 gxh3 24. Qxf4 hxg2 25. Be2 Bg7 26. Ng5 Rf8 27. Qg3 Qf6 28.
Bxe5 dxe5 29. Bd3 Bf5 30. Bxf5 Qxf5 31. Ne6 Rg8 32. Nxg7 Rxg7 33. Qxe5 Qxc2 34.
Rbc1 Qd2 35. d6 Rf8 36. f4 Kg8 37. Rcd1 Qb4 38. d7 Qb6+ 39. Qd4 Qd8 40. Re2 Qh4
41. Qd5+ Kh8 42. Rxg2 Rxg2+ 43. Qxg2 Qd8 44. Qe4 Qb6+ 45. Qd4+ Qxd4+ 46. Rxd4
Rd8 47. Rd6 Kg7 48. f5 Kf7 49. f6 a5 50. a4 Kg6 51. Kf2 h5 52. Kf3 Kf5 53. f7
Ke5 54. Rg6 Rf8 55. d8=Q Rxd8 56. Rg8 {Black resigns} 1-0

[Event "Team 45 45 League T27"]
[Site "Internet Chess Club"]
[Date "2005.06.17"]
[Round "1"]
[White "Chief-Justice"]
[Black "softbunney"]
[Result "1/2-1/2"]
[WhiteElo "1962"]
[BlackElo "2066"]
[TimeControl "2700+45"]

1. e4 c5 2. Nf3 Nc6 3. d4 cxd4 4. Nxd4 Nf6 5. Nc3 e5 6. Ndb5 d6 7. Bg5 a6 8. Na3
b5 9. Nd5 Be7 10. Bxf6 Bxf6 11. c3 O-O 12. Bd3 Bg5 13. Nc2 Be6 14. a4 Bxd5 15.
exd5 Ne7 16. axb5 Nxd5 17. Bxh7+ Kxh7 18. Qxd5 axb5 19. O-O Rxa1 20. Rxa1 Qb6
21. Nb4 Qc5 22. Qxc5 dxc5 23. Nd3 b4 24. Nxc5 bxc3 25. bxc3 Rc8 26. Ne4 Bh6 27.
Nd6 Rc7 28. c4 g6 29. Kf1 Bf8 30. c5 f5 31. Ra8 Bxd6 32. cxd6 Rd7 33. Re8 Rxd6
34. Rxe5 Rd2 35. g3 Kg7 36. Re2 Rd1+ 37. Kg2 Kf6 38. h3 Rd3 39. Ra2 Rd6 40. f3
Rb6 41. g4 fxg4 42. hxg4 Rc6 43. Kg3 Rb6 44. Ra3 g5 45. Ra5 Kg6 46. Rf5 Rb3 47.
Rd5 Rb6 48. Kf2 Re6 49. Rc5 Ra6 50. Ke3 Rf6 51. Re5 Ra6 52. Ke4 Ra4+ 53. Kd5
Ra5+ 54. Ke6 Ra6+ 55. Kd7 Ra7+ 56. Kc6 Ra6+ 57. Kb7 Rf6 58. Re3 Rd6 59. Kc7 Ra6
60. Kb7 Rd6 61. Rc3 Rd7+ 62. Kc8 Rd1 63. Kc7 Kf6 64. Rc6+ Ke5 65. Rc5+ Kf6 66.
Kc6 Rd3 67. Rf5+ Kg6 68. Kc5 Ra3 69. Kd6 Ra6+ 70. Ke7 Ra7+ 71. Ke6 Ra6+ 72. Ke5
Ra5+ 73. Ke4 Ra4+ 74. Ke3 Ra3+ 75. Kf2 Ra2+ 76. Kg3 Ra3 77. Rb5 Ra6 78. f4 Ra3+
79. Kf2 gxf4 80. Rf5 Ra4 81. Kf3 Rb4 82. Rxf4 {Game drawn by mutual agreement}
1/2-1/2

[Event "Team 45 45 League T27"]
[Site "Internet Chess Club"]
[Date "2005.06.19"]
[Round "1"]
[White "alexcolins"]
[Black "CraigCKlein"]
[Result "0-1"]
[WhiteElo "1891"]
[BlackElo "1810"]
[TimeControl "2700+45"]

1. d4 Nf6 2. Nf3 e6 3. e3 b6 4. Bd3 Bb7 5. c4 c5 6. Nc3 Be7 7. O-O O-O 8. d5
exd5 9. cxd5 d6 10. e4 Nbd7 11. Bf4 a6 12. a4 Re8 13. Re1 Bf8 14. Bc2 Ng4 15. h3
Nge5 16. Nd2 g5 17. Bg3 Qf6 18. f4 gxf4 19. Rf1 Bh6 20. Qh5 Qg6 21. Qxg6+ hxg6
22. Bxf4 Bxf4 23. Rxf4 Kg7 24. Raf1 Re7 25. Nf3 Nc4 26. Ng5 Nde5 27. Nd1 b5 28.
Rh4 Rh8 29. Rff4 Rxh4 30. Rxh4 Bc8 31. Kf2 Bd7 32. axb5 axb5 33. Rh7+ Kg8 34.
Rh4 f6 35. Nf3 Nxf3 36. Kxf3 g5 37. Rg4 Ne5+ 38. Kg3 Bxg4 39. hxg4 Ra7 40. Ne3
Ra2 41. b3 Rb2 42. Bd1 Rd2 43. Bf3 Rd3 44. Nf5 Rxb3 45. Nxd6 c4 46. Kh2 Nxf3+
47. gxf3 c3 48. Nf5 Rb2+ 49. Kg3 c2 50. d6 c1=Q 51. Nh6+ Kf8 {White resigns} 0-1

[Event "Team 45 45 League T27"]
[Site "Internet Chess Club"]
[Date "2005.06.19"]
[Round "1"]
[White "trikmamak"]
[Black "Plattner"]
[Result "1-0"]
[WhiteElo "2210"]
[BlackElo "1899"]
[TimeControl "2700+45"]

1. e4 e6 2. d4 d5 3. Nc3 Bb4 4. e5 c5 5. a3 Bxc3+ 6. bxc3 Ne7 7. a4 Qa5 8. Qd2
cxd4 9. cxd4 Qxd2+ 10. Kxd2 b6 11. Nf3 Ba6 12. Bb5+ Bxb5 13. axb5 a5 14. Ra4 Nd7
15. Ba3 Rc8 16. Rc1 Nb8 17. c4 dxc4 18. Raxc4 Rxc4 19. Rxc4 Nd7 20. Ng5 h6 21.
Ne4 Rf8 22. Rc7 f5 23. Nd6+ Kd8 24. Ra7 Ng6 25. Nc4 Rh8 26. Nd6 Rh7 27. Ra8+ Kc7
28. Rc8# {Black checkmated} 1-0

[Event "Team 45 45 League T27"]
[Site "Internet Chess Club"]
[Date "2005.06.17"]
[Round "1"]
[White "fileman"]
[Black "trevor21"]
[Result "0-1"]
[WhiteElo "1867"]
[BlackElo "2093"]
[TimeControl "2700+45"]

1. e4 e6 2. e5 d5 3. exd6 cxd6 4. d4 Nf6 5. Nf3 Be7 6. Bb5+ Nc6 7. O-O O-O 8.
Bg5 a6 9. Ba4 b5 10. Bb3 d5 11. c3 Na5 12. Bc2 Nc4 13. b3 Nd6 14. Ne5 Bb7 15. f4
Rc8 16. Bxf6 Bxf6 17. Rf3 g6 18. Rh3 Qc7 19. Nd2 b4 20. Rc1 bxc3 21. Ndf3 Ne4
22. Bxe4 dxe4 23. Ng5 Bxg5 24. fxg5 Qe7 25. Qf1 f6 26. gxf6 Rxf6 27. Qe2 Qb4 28.
Qe3 Rd8 29. Nc4 Rf7 30. Rxc3 Rfd7 31. Qh6 Qe7 32. Rcg3 Qg7 33. Qxg7+ Kxg7 34.
Kf2 Rxd4 35. Ke3 Rd1 36. Kf4 Bd5 37. Ne3 Rd2 38. Ke5 Rxa2 39. Ng4 Ra5 40. Kf4
Rb5 41. Ne5 Rf8+ 42. Kg4 h5+ 43. Rxh5 gxh5+ 44. Kxh5+ Kh7 45. Rg5 Rf5 {White
resigns} 0-1

[Event "Team 45 45 League T27"]
[Site "Internet Chess Club"]
[Date "2005.06.16"]
[Round "1"]
[White "forquesato"]
[Black "BillyNoMates"]
[Result "1-0"]
[WhiteElo "1820"]
[BlackElo "1843"]
[TimeControl "2700+45"]

1. e4 e6 2. d3 d5 3. Nd2 c5 4. Ngf3 Nc6 5. g3 Nf6 6. Bg2 g6 7. O-O Bg7 8. Re1
O-O 9. c3 b5 10. Qe2 Qb6 11. Nf1 a5 12. e5 Nd7 13. Bf4 Ba6 14. h4 b4 15. h5 bxc3
16. hxg6 hxg6 17. bxc3 Rab8 18. Qe3 Qb2 19. Rec1 Qa3 20. N1h2 Rb2 21. Ng4 Rfb8
22. Bh6 c4 23. dxc4 Bxc4 24. Bxg7 Kxg7 25. Qh6+ Kg8 26. Nf6+ Nxf6 27. exf6 Qf8
28. Qh4 g5 29. Qxg5+ Kh7 30. Qh5+ Kg8 31. Bf1 Re2 32. Ng5 Bd3 33. Bxe2 Bg6 34.
Qh3 Qc5 35. Qh6 {Black resigns} 1-0

[Event "Team 45 45 League T27"]
[Site "Internet Chess Club"]
[Date "2005.06.19"]
[Round "1"]
[White "LoseOften"]
[Black "Avedldesierto"]
[Result "1-0"]
[WhiteElo "1840"]
[BlackElo "1656"]
[TimeControl "2700+45"]

1. e4 e5 2. f4 d6 3. Nf3 Bg4 4. h3 Bxf3 5. Qxf3 Nd7 6. Bc4 exf4 7. d4 Qh4+ 8. g3
Qxg3+ 9. Qxg3 fxg3 10. O-O f6 11. Bf4 g5 12. Bxg3 Bg7 13. Nc3 Nb6 14. Be6 Ke7
15. Bb3 h5 16. e5 Rf8 17. exd6+ cxd6 18. Rae1+ Kd7 19. Be6+ Kd8 20. Bxd6 Re8 21.
Nb5 Na8 22. Nxa7 f5 23. c3 Rh6 24. d5 f4 25. Nb5 Bf6 26. Bc5 Ne7 27. Nd6 b6 28.
Nf7+ Kc7 29. d6+ Kb7 30. d7 {Black resigns} 1-0

[Event "Team 45 45 League T27"]
[Site "Internet Chess Club"]
[Date "2005.06.18"]
[Round "1"]
[White "flodo"]
[Black "MrAnderssen"]
[Result "1-0"]
[WhiteElo "1665"]
[BlackElo "1653"]
[TimeControl "2700+45"]

1. d4 d5 2. Nf3 Nf6 3. Bg5 Ne4 4. Bf4 Bf5 5. e3 c5 6. c3 e6 7. Bxb8 Rxb8 8. Qa4+
Ke7 9. Qxa7 Qc7 10. Na3 Kd8 11. Nb5 Qc8 12. Qb6+ Ke7 13. Nh4 Kf6 14. Nxf5 Kxf5
15. f3 Ng5 16. Nd6+ Bxd6 17. Qxd6 cxd4 18. exd4 Kg6 19. h4 Rd8 20. Qg3 f6 21.
hxg5 fxg5 22. Bd3+ Kf7 23. Qxg5 h6 24. Qg6+ Kf8 25. Qh7 b5 26. Bg6 b4 27. Qh8+
Ke7 28. Qxg7+ Kd6 29. Qe5+ Ke7 30. Rxh6 Rg8 31. Rh7+ Kd8 32. Qf6# {Black
checkmated} 1-0

[Event "Team 45 45 League T27"]
[Site "Internet Chess Club"]
[Date "2005.06.19"]
[Round "1"]
[White "rayngrant"]
[Black "chivo"]
[Result "1-0"]
[WhiteElo "1656"]
[BlackElo "1658"]
[TimeControl "2700+45"]

1. e4 c5 2. Nf3 d6 3. d4 cxd4 4. Nxd4 Nf6 5. Nc3 Nc6 6. Bc4 g6 7. Be3 Bg7 8. Qd2
O-O 9. O-O-O a6 10. f3 Qc7 11. Bb3 Na5 12. h4 e5 13. Nde2 Nxb3+ 14. axb3 Rd8 15.
g4 Be6 16. g5 Nh5 17. Kb1 b5 18. Nd5 Bxd5 19. Qxd5 Rac8 20. c3 Qc6 21. Qd2 Rc7
22. Qd5 a5 23. Rhg1 b4 24. Qxa5 bxc3 25. Nxc3 Ra8 26. Qd5 Qxd5 27. Nxd5 Rb7 28.
Nb6 Rd8 29. Rd5 Nf4 30. Rd2 f5 31. Rgd1 Bf8 32. Rc2 Rdb8 33. Rc6 Ng2 34. Bf2 f4
35. Nd5 Rxb3 36. Nf6+ Kf7 37. Rd2 Rxf3 38. Nxh7 Rh3 39. Rc7+ Ke8 40. Nf6+ Kd8
41. Rd7+ Kc8 42. Rc2+ {Black resigns} 1-0

[Event "Team 45 45 League T27"]
[Site "Internet Chess Club"]
[Date "2005.06.19"]
[Round "1"]
[White "David-Carioca"]
[Black "dougmo"]
[Result "1-0"]
[WhiteElo "1586"]
[BlackElo "1554"]
[TimeControl "2700+45"]

1. d4 e6 2. c4 Nf6 3. Bg5 Bb4+ 4. Bd2 Qe7 5. a3 Bxd2+ 6. Nxd2 b6 7. Ngf3 Bb7 8.
e3 O-O 9. Bd3 d6 10. O-O Nbd7 11. Qc2 h6 12. Rac1 c5 13. Rfe1 cxd4 14. exd4 Rfc8
15. Qb1 e5 16. d5 Nc5 17. Bf5 Rc7 18. Nd4 Qf8 19. Nb5 Re7 20. Nxd6 Ba6 21. b4
Nb7 22. N2e4 Nxe4 23. Nxe4 Nd8 24. Re3 Bc8 25. d6 Bxf5 26. dxe7 Qxe7 27. Qb2 Nc6
28. Ng3 Bg6 29. b5 Na5 30. Rxe5 Qd6 31. Qc3 Rc8 32. c5 Qd3 33. c6 Qxc3 34. Rxc3
Rd8 35. c7 {Black resigns} 1-0

[Event "Team 45 45 League T27"]
[Site "Internet Chess Club"]
[Date "2005.06.15"]
[Round "1"]
[White "Two-DogMan"]
[Black "nanning"]
[Result "0-1"]
[WhiteElo "1461"]
[BlackElo "1510"]
[TimeControl "2700+45"]

1. e4 c5 2. Nf3 d6 3. Nc3 Bg4 4. Be2 Nc6 5. Bb5 a6 6. Bxc6+ bxc6 7. d4 cxd4 8.
Qxd4 e5 9. Qd3 Be7 10. O-O Nf6 11. Bg5 Rb8 12. Rab1 Bxf3 13. Qxf3 Nd7 14. Bxe7
Qxe7 15. Qd3 Nc5 16. Qc4 a5 17. a3 O-O 18. b4 axb4 19. axb4 Ne6 20. Qxc6 Nd4 21.
Qc4 Qg5 22. Qd3 Rfc8 23. b5 Rxc3 24. Qh3 Rxh3 {White resigns} 0-1

[Event "Team 45 45 League T27"]
[Site "Internet Chess Club"]
[Date "2005.06.20"]
[Round "1"]
[White "vvsi"]
[Black "orkid"]
[Result "1-0"]
[WhiteElo "1785"]
[BlackElo "1814"]
[TimeControl "2700+45"]

1. e4 c5 2. Ne2 g6 3. d4 cxd4 4. Nxd4 Nc6 5. Nc3 Bg7 6. Be3 Nf6 7. Nxc6 bxc6 8.
e5 Ng8 9. f4 d6 10. Bc4 d5 11. Bb3 Ba6 12. Na4 e6 13. Nc5 Ne7 14. g4 O-O 15. Qd2
Bc8 16. h4 f6 17. h5 fxe5 18. fxe5 Bxe5 19. hxg6 Nxg6 20. O-O-O Qf6 21. Nd3 Bd6
22. Qg2 Nf4 23. Qd2 Nxd3+ 24. Qxd3 Be5 25. Qxh7# {Black checkmated} 1-0

[Event "Team 45 45 League T27"]
[Site "Internet Chess Club"]
[Date "2005.06.16"]
[Round "1"]
[White "jacknor"]
[Black "john-beebs"]
[Result "1-0"]
[WhiteElo "1656"]
[BlackElo "1523"]
[TimeControl "2700+45"]

1. d4 Nf6 2. Nf3 d5 3. Bg5 Nbd7 4. e3 h6 5. Bh4 e6 6. Bd3 Be7 7. Nbd2 Nh5 8.
Bxe7 Qxe7 9. Ne5 Nhf6 10. f4 Nb6 11. Qe2 O-O 12. O-O-O Nfd7 13. h4 Na4 14. c3
Nxc3 15. bxc3 Qa3+ 16. Kb1 Qxc3 17. Rc1 Qb4+ 18. Ka1 Nb6 19. Bc2 Qc3+ 20. Kb1
Qb4+ 21. Nb3 Na4 22. Qd2 Nc3+ 23. Ka1 a5 24. Nd3 Qc4 25. Nb2 a4 26. Nxc4 {Black
resigns} 1-0

[Event "Team 45 45 League T27"]
[Site "Internet Chess Club"]
[Date "2005.06.18"]
[Round "1"]
[White "DynamoKyiv"]
[Black "MrShaw"]
[Result "1/2-1/2"]
[WhiteElo "1554"]
[BlackElo "1593"]
[TimeControl "2700+45"]

1. e4 e6 2. d4 d5 3. Nc3 Nf6 4. Bg5 Be7 5. Bxf6 Bxf6 6. Nf3 O-O 7. Be2 dxe4 8.
Nxe4 Be7 9. O-O Nd7 10. Re1 c5 11. Qd3 b6 12. Rad1 Bb7 13. c4 cxd4 14. Nxd4 Nf6
15. Nxf6+ Bxf6 16. b3 Be7 17. Bf3 Rb8 18. Bxb7 Rxb7 19. Qf3 Rd7 20. Nc6 Rxd1 21.
Qxd1 Qc7 22. Nxe7+ Qxe7 23. Qc2 Rd8 24. Rd1 g6 25. f3 Qc5+ 26. Kf1 Rd4 27. Rxd4
Qxd4 28. b4 Qa1+ 29. Kf2 Qd4+ 30. Kf1 {Game drawn by mutual agreement} 1/2-1/2

[Event "Team 45 45 League T27"]
[Site "Internet Chess Club"]
[Date "2005.06.17"]
[Round "1"]
[White "chessterbaggins"]
[Black "Gardener"]
[Result "0-1"]
[WhiteElo "1294"]
[BlackElo "1647"]
[TimeControl "2700+45"]

1. e4 e6 2. Nf3 d5 3. Bd3 Nc6 4. Bb5 Bd7 5. exd5 exd5 6. O-O a6 7. Ba4 Bd6 8.
Re1+ Nce7 9. Bxd7+ Qxd7 10. d4 h6 11. Nc3 O-O-O 12. b3 Nf6 13. h3 g5 14. Ne5
Bxe5 15. dxe5 Ne4 16. Bb2 Nxc3 17. Bxc3 Qe6 18. Bd4 Nf5 19. Qg4 Nxd4 20. Qxd4
Kb8 21. b4 Qc6 22. c3 Qc4 23. Qe3 Rde8 24. a4 Re6 25. Rad1 Rhe8 26. Qg3 c6 27.
Rd4 Qb3 28. a5 Kc8 29. Qd3 Rxe5 30. Rb1 Re1+ 31. Rxe1 Rxe1+ 32. Kh2 Re5 33. Qh7
Re4 34. Qg8+ Kd7 35. Qxf7+ Re7 36. Qf5+ Ke8 37. Qg6+ Kd7 38. Rd3 Qc4 39. Re3
Qf4+ 40. Kg1 Rxe3 41. fxe3 Qxe3+ 42. Kh2 Qe6 43. Qg7+ Qe7 44. Qxh6 Qe5+ 45. Kg1
Qxc3 46. Qh7+ Kc8 47. Qg8+ Kc7 48. Qf7+ Kb8 49. b5 Qxa5 50. bxc6 bxc6 51. Qg8+
Kb7 52. Qxg5 Qa1+ 53. Kh2 a5 54. Qe7+ Kb6 55. Qe3+ Kb5 56. Qd3+ Kc5 57. Qe3+ Qd4
58. Qe7+ Kc4 59. Qa3 Kb5 60. Qb3+ Qb4 61. Qd3+ Qc4 62. Qb1+ Kc5 63. Qe1 a4 64.
h4 Qb4 65. Qe7+ Kc4 66. Qe2+ Kc5 67. h5 a3 68. h6 Qh4+ 69. Kg1 Qxh6 70. Qc2+ Kd6
71. Qb3 Qc1+ 72. Kh2 Qb2 73. Qg3+ Qe5 74. Qxe5+ Kxe5 75. g4 a2 76. Kh3 a1=Q 77.
Kh4 Kf4 78. g5 Qh1# {White checkmated} 0-1

[Event "Team 45 45 League T27"]
[Site "Internet Chess Club"]
[Date "2005.06.17"]
[Round "1"]
[White "Fegary"]
[Black "GhostMate"]
[Result "0-1"]
[WhiteElo "1634"]
[BlackElo "1683"]
[TimeControl "2700+45"]

1. e4 e5 2. Nf3 d6 3. Bc4 f5 4. d3 Qf6 5. Nc3 c6 6. Bg5 Qg6 7. Qe2 Be6 8. Bxe6
Qxe6 9. O-O-O Be7 10. Bxe7 Nxe7 11. d4 Nd7 12. d5 cxd5 13. Nxd5 Nxd5 14. exd5
Qh6+ 15. Kb1 O-O 16. h4 a5 17. Ng5 Nc5 18. Qb5 Rfc8 19. f3 Qg6 20. g4 fxg4 21.
fxg4 h6 22. Ne6 Nxe6 23. dxe6 Qxe6 24. g5 h5 25. Rh2 e4 26. Qxb7 e3 27. Qd5 Re8
28. Qxd6 Qxd6 29. Rxd6 e2 {White resigns} 0-1

[Event "Team 45 45 League T27"]
[Site "Internet Chess Club"]
[Date "2005.06.19"]
[Round "1"]
[White "PostMike"]
[Black "chicopee-ed"]
[Result "0-1"]
[WhiteElo "1492"]
[BlackElo "1572"]
[TimeControl "2700+45"]

1. e4 e6 2. d4 d5 3. e5 c5 4. c3 Nc6 5. Nf3 Qb6 6. Bd3 Bd7 7. Bc2 cxd4 8. cxd4
Bb4+ 9. Nc3 Nge7 10. O-O Nf5 11. Ne2 O-O 12. a3 Be7 13. b4 Rac8 14. g4 Nh4 15.
Nxh4 Bxh4 16. g5 Ne7 17. Ng3 Bb5 18. Re1 Bxg3 19. hxg3 Rfe8 20. Be3 Bc4 21. Kg2
Rc7 22. Rh1 g6 23. Rc1 Rec8 24. Rh2 Nf5 25. g4 Nxe3+ 26. fxe3 Qa6 27. a4 Bd3 28.
Kg3 Qc4 29. Qh1 Be4 30. Rxh7 Bxh1 31. Rcxh1 Kf8 {White resigns} 0-1

[Event "Team 45 45 League T27"]
[Site "Internet Chess Club"]
[Date "2005.06.17"]
[Round "1"]
[White "tarheels"]
[Black "bmw2002"]
[Result "1-0"]
[WhiteElo "1755"]
[BlackElo "1638"]
[TimeControl "2700+45"]

1. e4 c6 2. d4 d5 3. Nc3 dxe4 4. Nxe4 Bf5 5. Ng3 Bg6 6. Nf3 Nf6 7. Bc4 e6 8. Bg5
h6 9. Bh4 Be7 10. Ne5 Bh7 11. Ne2 Nd5 12. Bxe7 Qxe7 13. c3 Nd7 14. Nxd7 Qxd7 15.
Qd2 Qd6 16. O-O O-O 17. f4 Rad8 18. Ng3 c5 19. Rad1 Nb6 20. Bb3 cxd4 21. Qxd4
Qxd4+ 22. Rxd4 Rxd4 23. cxd4 Rc8 24. f5 exf5 25. Nxf5 Bxf5 26. Rxf5 Nc4 27. Rf2
Ne3 28. Rxf7 Kh8 29. Kf2 Ng4+ 30. Kg3 Nf6 31. Rxb7 Rd8 32. d5 a6 33. Ra7 Ne4+
34. Kf4 Nc5 35. Bc4 Kh7 36. Ke5 Rb8 37. b3 Re8+ 38. Kd6 Ne4+ 39. Kc6 Rc8+ 40.
Rc7 Ra8 41. d6 a5 42. Bd3 Ra6+ 43. Bxa6 {Black resigns} 1-0

[Event "Team 45 45 League T27"]
[Site "Internet Chess Club"]
[Date "2005.06.21"]
[Round "1"]
[White "GoIrish"]
[Black "ebattousai"]
[Result "1-0"]
[WhiteElo "1614"]
[BlackElo "1523"]
[TimeControl "2700+45"]

1. Nf3 Nf6 2. g3 d5 3. Bg2 c6 4. O-O Nbd7 5. d3 e5 6. Nbd2 Bd6 7. e4 O-O 8. Qe2
Re8 9. Nb3 h6 10. Bd2 Qc7 11. Nh4 Nc5 12. f4 Bg4 13. Qe1 exf4 14. Bxf4 Nxb3 15.
axb3 Bxf4 16. gxf4 Qb6+ 17. Kh1 dxe4 18. dxe4 Nd5 19. h3 Bh5 20. Qa5 Ne3 21.
Qxh5 Nxf1 22. Rxf1 Qb5 23. Qxb5 cxb5 24. e5 Re7 25. Nf5 Rc7 26. c3 Rd8 27. Nd6
Rxd6 28. exd6 Rd7 29. Rd1 Kf8 30. c4 bxc4 31. bxc4 f5 32. c5 Ke8 33. c6 bxc6 34.
Bxc6 Kd8 35. Bxd7 Kxd7 36. Kg2 g5 37. Kf3 {Black resigns} 1-0

[Event "Team 45 45 League T27"]
[Site "Internet Chess Club"]
[Date "2005.06.17"]
[Round "1"]
[White "boozehound"]
[Black "TheBrewer"]
[Result "1-0"]
[WhiteElo "1548"]
[BlackElo "1618"]
[TimeControl "2700+45"]

1. e4 e6 2. d4 d5 3. exd5 exd5 4. Nf3 Bg4 5. Be2 Nf6 6. Nc3 c6 7. Bg5 Be7 8. h3
Bh5 9. Bd3 O-O 10. g4 Bg6 11. Ne5 Bxd3 12. Qxd3 Nbd7 13. f4 Nxe5 14. fxe5 Nd7
15. Bxe7 Qxe7 16. O-O-O f6 17. exf6 Qxf6 18. Kb1 Rae8 19. h4 Qf3 20. g5 Qe3 21.
Qxe3 Rxe3 22. Rde1 Rfe8 23. Ref1 Rf8 24. Re1 Rxe1+ 25. Rxe1 Kf7 26. Ne2 Kg6 27.
Ng3 Kf7 28. b3 g6 29. Kb2 Re8 30. Rf1+ Kg7 31. Rf3 Re7 32. a4 b6 33. h5 Re8 34.
h6+ Kg8 35. Kc3 Re7 36. Nf1 Re8 37. Ne3 Re7 38. Ng4 Re8 39. Kd3 Re6 40. Re3
Rxe3+ 41. Kxe3 Kf7 42. Kf4 Ke6 43. c3 a6 44. b4 b5 45. a5 Ke7 46. Ne5 Kd6 47.
Nxg6 hxg6 48. h7 {Black resigns} 1-0

[Event "Team 45 45 League T27"]
[Site "Internet Chess Club"]
[Date "2005.06.17"]
[Round "1"]
[White "AlPearson"]
[Black "Invicta-Knight"]
[Result "1/2-1/2"]
[WhiteElo "1423"]
[BlackElo "1482"]
[TimeControl "2700+45"]

1. e4 e5 2. Nf3 Nc6 3. Bb5 d6 4. d4 Bd7 5. c4 a6 6. Ba4 Nf6 7. Nc3 Be7 8. d5 Na7
9. Bxd7+ Qxd7 10. O-O O-O 11. Be3 b5 12. Qd3 bxc4 13. Qxc4 Rfc8 14. Qxa6 c6 15.
Qd3 cxd5 16. Nxd5 Nxd5 17. Qxd5 Nc6 18. Rfc1 Ra5 19. Qc4 Na7 20. Qb3 Qb5 21.
Rxc8+ Nxc8 22. Qxb5 Rxb5 23. b3 Bf6 24. Rc1 Ne7 25. Nd2 d5 26. Rc5 Rxc5 27. Bxc5
d4 28. Nf3 Nc6 29. Kf1 Bd8 30. Ke2 g6 31. Ne1 f5 32. f3 Ba5 33. Nd3 Kf7 34. b4
Bd8 35. b5 Na5 36. Nxe5+ Ke6 37. Bxd4 Bc7 38. Nd3 Bxh2 39. Nc5+ Kd6 40. Kd3 Be5
41. a4 f4 42. Bxe5+ Kxe5 43. Nd7+ Kd6 44. Nb8 Nb7 45. Nc6 Nc5+ 46. Kd4 Nxa4 47.
Kc4 Nb6+ 48. Kb4 Nd7 49. Ka5 Nc5 50. e5+ Kc7 51. Kb4 Kb6 52. Kc4 Ne6 53. Nd4 Nc7
54. e6 h6 55. e7 h5 56. Ne2 Nxb5 57. e8=Q Nd6+ 58. Kd5 Nxe8 59. Nxf4 Nf6+ 60.
Ke6 Ne8 61. Nxg6 Kc7 62. Ke7 Nd6 63. Nh4 Nc4 64. Ng6 Ne3 65. Nh4 Kc6 66. f4 Kd5
67. Kf6 Ke4 68. Kg5 Nf1 69. f5 Kd5 70. Kxh5 Ng3+ 71. Kg6 Ne4 72. g4 Kd6 73. Nf3
Ke7 74. Ng5 Nf6 75. Kg7 Nxg4 76. Ne4 Ne5 77. f6+ Ke8 78. Ng5 Kd7 79. Nf7 Ng4 80.
Nd6 Nxf6 {Game drawn because neither player has mating material} 1/2-1/2

[Event "Team 45 45 League T27"]
[Site "Internet Chess Club"]
[Date "2005.06.19"]
[Round "1"]
[White "Mississippian"]
[Black "houseofcook"]
[Result "1-0"]
[WhiteElo "1454"]
[BlackElo "1382"]
[TimeControl "2700+45"]

1. e4 e6 2. d4 d5 3. Be3 Nf6 4. Nc3 dxe4 5. f3 Bb4 6. Be2 O-O 7. Nh3 Nc6 8. O-O
exf3 9. Bxf3 Be7 10. Nf2 h6 11. Qd2 Nh7 12. Nce4 f5 13. Nc3 Bg5 14. Nh3 Bxe3+
15. Qxe3 Qxd4 16. Qxd4 Nxd4 17. Rf2 Nxf3+ 18. Rxf3 Bd7 19. Rd1 Bc6 20. Rfd3 g5
21. Re3 Rae8 22. Ne2 e5 23. Nf2 f4 24. Rh3 f3 25. Ng3 Re6 26. b3 fxg2 27. a4 Rd6
28. Rxd6 cxd6 29. Rxh6 Rf6 30. Rh3 g4 31. Nxg4 Bf3 32. Nxf6+ Nxf6 33. Nf5 e4 34.
Nxd6 Nh5 35. Rxh5 Bxh5 36. Kxg2 e3 37. Kf1 e2+ 38. Ke1 b6 39. Nf5 Kf8 40. Ng3
Bg6 41. c3 Bc2 42. b4 Bxa4 43. Kxe2 a5 44. h4 Bb5+ 45. Kd2 a4 46. Kc2 Kg7 47.
Nf5+ Kg6 48. Nd6 Bc6 49. b5 Bf3 50. Kb2 Bd1 51. Nc8 Be2 52. Nd6 Bd1 53. c4 Kh5
54. Nc8 Be2 55. Nxb6 Bxc4 56. Nxc4 Kxh4 57. b6 {Black resigns} 1-0

[Event "Team 45 45 League T27"]
[Site "Internet Chess Club"]
[Date "2005.06.23"]
[Round "1"]
[White "Prop"]
[Black "rgadoury"]
[Result "1-0"]
[WhiteElo "1315"]
[BlackElo "1374"]
[TimeControl "2700+45"]

1. e4 c5 2. Nf3 Nc6 3. c3 e6 4. d4 cxd4 5. cxd4 d6 6. Bb5 Bd7 7. O-O Nf6 8. Nc3
Be7 9. Bg5 O-O 10. d5 Ne5 11. Bxd7 Nxf3+ 12. Qxf3 Nxd7 13. Be3 e5 14. Rac1 a6
15. b4 Bg5 16. Bxg5 Qxg5 17. Na4 Qd8 18. Rc3 b5 19. Nb2 Rc8 20. a4 Rxc3 21. Qxc3
bxa4 22. Nxa4 Nb6 23. Ra1 Nxa4 24. Rxa4 Qc8 25. Qc6 Qxc6 26. dxc6 Ra8 27. b5 a5
28. b6 Ra6 29. c7 g6 {Black resigns} 1-0

[Event "Team 45 45 League T27"]
[Site "Internet Chess Club"]
[Date "2005.06.19"]
[Round "1"]
[White "gatoruss"]
[Black "EyeAm"]
[Result "1/2-1/2"]
[WhiteElo "1218"]
[BlackElo "1232"]
[TimeControl "2700+45"]

1. d4 f5 2. Bg5 g6 3. Nh3 Bg7 4. e3 Nf6 5. Nc3 O-O 6. Bc4+ Kh8 7. Qd2 d5 8. Bxf6
dxc4 9. Bxg7+ Kxg7 10. d5 Nd7 11. Ng5 Nb6 12. Qd4+ Rf6 13. e4 h6 14. e5 Rf8 15.
e6+ Rf6 16. h4 c6 17. O-O-O cxd5 18. Nf7 Qf8 19. Nxd5 Nxd5 20. Qxd5 Bxe6 21.
Qxb7 Bxf7 22. Rd7 Re6 23. Rhd1 Re2 24. Qf3 Re6 25. Qc3+ Kh7 26. Qxc4 Re1 27. Qc7
Rxd1+ 28. Kxd1 Kg8 29. b3 Qc8 30. Rxe7 Qd8+ 31. Kc1 Qxc7 32. Rxc7 Kg7 33. Kd2
Kf6 34. Ke3 Re8+ 35. Kf4 Re4+ 36. Kf3 Rxh4 37. Rxa7 Bd5+ 38. Kg3 f4+ 39. Kxh4
Bxg2 40. Ra6+ Kf5 41. Ra5+ Kf6 42. Kg4 f3 43. Rc5 h5+ 44. Kg3 g5 45. a4 h4+ 46.
Kg4 h3 47. Rf5+ Ke6 48. Rxg5 h2 49. Rg6+ Ke5 50. Rg5+ Kd6 51. Rh5 h1=Q 52. Rxh1
Bxh1 53. b4 Kc6 54. a5 Kb5 55. c4+ Ka6 56. c5 Bg2 57. c6 Ka7 58. b5 Bf1 59. b6+
Kb8 60. c7+ Kc8 61. Kxf3 Ba6 62. Ke3 Kb7 63. f4 Kc6 64. Ke4 Kb5 65. Ke5 Kxa5 66.
f5 Kxb6 67. Ke6 Kxc7 68. f6 Bc4+ 69. Ke7 {Game drawn by mutual agreement}
1/2-1/2

[Event "Team 45 45 League T27"]
[Site "Internet Chess Club"]
[Date "2005.06.17"]
[Round "1"]
[White "jerry813"]
[Black "MJBerkey88"]
[Result "0-1"]
[WhiteElo "1158"]
[BlackElo "1231"]
[TimeControl "2700+45"]

1. e4 e6 2. d4 d5 3. e5 c5 4. c3 cxd4 5. cxd4 Nc6 6. Nf3 Bd7 7. a3 Nge7 8. Ng5
Nf5 9. Nxf7 Kxf7 10. Qh5+ g6 11. Qd1 Ncxd4 12. Bd3 Bc5 13. b4 Bb6 14. O-O Qc7
15. f4 Nc2+ 16. Kh1 Nxa1 17. Nd2 Ne3 18. Qe2 Nxf1 19. Qxf1 Be3 20. g3 Kg7 21. h4
Bxd2 22. Bxd2 Nc2 23. Qc1 Rac8 24. Qb2 a6 25. b5 Bxb5 26. Bxb5 axb5 27. Kh2 Qc4
28. Kh3 Ra8 29. Kg4 Rxa3 30. Kh3 Qb3 31. Bc1 Qxg3# {White checkmated} 0-1

[Event "Team 45 45 League T27"]
[Site "Internet Chess Club"]
[Date "2005.06.17"]
[Round "1"]
[White "wojozim"]
[Black "fuzzface"]
[Result "1-0"]
[WhiteElo "1440"]
[BlackElo "1329"]
[TimeControl "2700+45"]

1. e4 e5 2. f4 exf4 3. Nf3 d6 4. Bc4 Bg4 5. O-O Qf6 6. d3 Bxf3 7. Qxf3 Nh6 8.
Bxf4 Qd4+ 9. Be3 Qf6 10. Bxh6 Qxf3 11. Rxf3 gxh6 12. Bxf7+ Kd8 13. Nc3 Nd7 14.
Raf1 c6 15. Be6 Ke7 16. Bh3 Ne5 17. Rf5 Re8 18. d4 Ng6 19. Rf7+ Kd8 20. Rd7+ Kc8
21. Rff7 Kb8 22. Rxb7+ Ka8 23. Rxa7+ {Black resigns} 1-0

[Event "Team 45 45 League T27"]
[Site "Internet Chess Club"]
[Date "2005.06.16"]
[Round "1"]
[White "Fogbound"]
[Black "Liger"]
[Result "1-0"]
[WhiteElo "1265"]
[BlackElo "1303"]
[TimeControl "2700+45"]

1. d4 d5 2. Nf3 Nc6 3. e3 Nf6 4. c3 Bg4 5. Bd3 e5 6. dxe5 Nxe5 7. Qa4+ c6 8.
Nxe5 Be6 9. O-O Bd6 10. Nf3 O-O 11. Nbd2 Qb6 12. e4 Bc5 13. e5 Ng4 14. Nd4 Nxe5
15. Be2 Rae8 16. h3 Bd6 17. b3 c5 18. Nb5 Be7 19. Nf3 Nxf3+ 20. Bxf3 a6 21. Na3
Bd7 22. Qxd7 c4 23. Rb1 Bxa3 24. Bxa3 Rd8 25. Qg4 {Black resigns} 1-0